 Dungeon Crawl Stone Soup version 0.18-a0-1526-gcb34c7c (webtiles) character file.

75 Banto the Skirmisher (level 3, -1/34 HPs)
             Began as a Demigod Wanderer on Mar 8, 2016.
             Slain by a hobgoblin (4 damage)
             ... on level 2 of the Dungeon.
             The game lasted 00:02:55 (1446 turns).

Banto the Skirmisher (Demigod Wanderer)             Turns: 1446, Time: 00:02:56

Health: -1/34      AC:  6    Str: 18    XL:     3   Next: 88%
Magic:  5/5        EV: 10    Int: 13    God:
Gold:   95         SH:  4    Dex: 17    Spells: 0 memorised, 2 levels left

rFire  . . .     SeeInvis .     d - +1 whip (venom)
rCold  . . .     Gourm    .     g - +0 ring mail
rNeg   . . .     Faith    .     c - +0 buckler
rPois  .         Spirit   .     m - +0 helmet
rElec  .         Dismiss  .     (no cloak)
rCorr  .         Reflect  .     (no gloves)
SustAt +         Harm     .     (no boots)
MR     .....                    (no amulet)
Stlth  +.........               (no ring)
                                (no ring)

@: not resistant to hostile enchantments, very unstealthy
A: high mp 1, sustain attributes
a: no special abilities


You were on level 2 of the Dungeon.
You were not hungry.

You visited 1 branch of the dungeon, and saw 2 of its levels.

You collected 95 gold pieces.

Inventory:

Hand Weapons
 a - a +2 short sword
 d - a +1 whip of venom (weapon)
Armour
 c - a +0 buckler (worn)
 g - a +0 ring mail (worn)
 m - a +0 helmet (worn)
Jewellery
 i - an uncursed ring of stealth {unknown}
Scrolls
 h - a scroll of immolation
Potions
 b - a potion of lignification
 e - a potion of berserk rage {unknown}
 j - a potion of heal wounds {unknown}
 k - a potion of might {unknown}
 l - a potion of mutation {unknown}
Comestibles
 f - 3 bread rations


   Skills:
 + Level 4.5 Fighting
 - Level 1.0 Short Blades
   Level 1.0 Crossbows
 - Level 1.0 Dodging
 - Level 1.7 Stealth
 - Level 1.7 Shields


You had 2 spell levels left.
You didn't know any spells.

Dungeon Overview and Level Annotations

Branches:
Dungeon (2/15)


Innate Abilities, Weirdness & Mutations

You have an increased reservoir of magic (+10% MP).
Your attributes are resistant to harm.


Message History

You hit the hobgoblin.
The hobgoblin is heavily wounded.
The hobgoblin hits you.
* * * LOW HITPOINT WARNING * * *
You hit the hobgoblin but do no damage.
The hobgoblin is heavily wounded.
The hobgoblin hits you but does no damage.
You closely miss the hobgoblin.
The hobgoblin is heavily wounded.
The hobgoblin hits you.
* * * LOW HITPOINT WARNING * * *
You barely miss the hobgoblin.
The hobgoblin is heavily wounded.
The hobgoblin hits you.
* * * LOW HITPOINT WARNING * * *
You barely miss the hobgoblin.
The hobgoblin is heavily wounded.
The hobgoblin hits you but does no damage.
The hobgoblin hits you.
You die...

......#........* **,,,,,,,,,,,*
......#.......,* **,,**,,,,,,,,**
.............,,* *,,**,,,,,,,,,,,
..##........>,,###,****,,,,,,,,,,
,,*****#.†)##**#..,####.,,,,,,,**
,,* #....## #.##.....,,,,,,,**
*,* ##.....###.#......,*,,**,,*
*,* *#.......##........,,*,,,*,*
*,* *#..##.#...)@g......,,,,,,,>,
*,* #.)#*#.##.#...........#**,,,,
*,**#.#* #.##...#.........###*,*,
*,*#..* #.#...##............,,,,
#?##.#####...................,,,,
#.#...........###............,,,,
..)...##......###............,,,,
......####...................,,,,
......* #.......)........####**,


You could see a hobgoblin.

Vanquished Creatures
  Robin (D:2)
  2 adders (D:2)
  A worm (D:2)
  3 dart slugs
  4 bats
  A giant cockroach (D:2)
  4 hobgoblins
  A quokka (D:2)
  4 giant newts (D:2)
  13 goblins
  2 kobolds
  3 rats (D:1)
39 creatures vanquished.

Notes
Turn   | Place    | Note
--------------------------------------------------------------
     0 | D:1      | Banto the Demigod Wanderer began the quest for the Orb.
     0 | D:1      | Banto set off with: a +2 short sword, a potion of lignification, a +0 buckler, a +0 robe, a +0 dagger, a bread ration
     0 | D:1      | Reached XP level 1. HP: 18/18 MP: 3/3
    86 | D:1      | Reached skill level 3 in Fighting
   583 | D:1      | Reached XP level 2. HP: 17/26 MP: 4/4
   979 | D:2      | Reached XP level 3. HP: 30/33 MP: 5/5
   985 | D:2      | Reached skill level 4 in Fighting
  1035 | D:2      | Noticed Robin
  1305 | D:2      | Killed Robin
  1446 | D:2      | Slain by a hobgoblin

Vault maps used:
D:1:      dpeg_arrival_oval
D:2:      first_bread, uniq_robin

Skill      XL: |  1  2  3 |
---------------+----------+-----
Fighting       | 3 4 |  4.5
Short Blades   | |  1.0
Crossbows      | |  1.0
Dodging        | |  1.0
Stealth        | |  1.7
Shields        | |  1.7

Action                   || total
-------------------------++-------
Melee: Whip              ||   111
       Short sword       ||     8
  Use: Scroll            ||    10
  Eat: Chunk             ||     2
